Map: Rhoskallian LE

Players

MattBarry

  • Race: Terran Terran
  • Spawn Location: 5:00

MattBarry

  • Race: Zerg Zerg
  • Spawn Location: 6:00

Popich - Winner!

  • Race: Terran Terran
  • League: Platinum
  • Spawn Location: 12:00

BigMac - Winner!

  • Race: Terran Terran
  • Spawn Location: 11:00

VOD

Have the link to the VOD?

Description

Time

  • Played on: Dec. 21, 2022, 2:38 a.m.
  • Length: 1:33
Show
View Real Time Build Order
Export as new Build Order

MattBarry Terran 

Build Orders:  

Get SALT Encoding   

Show
View Real Time Build Order
Export as new Build Order

MattBarry Zerg 

Build Orders:  

Get SALT Encoding   

Show
View Real Time Build Order
Export as new Build Order

Popich Terran - Winner!

Build Orders:  

Get SALT Encoding   

  12  0:02  SCV  
  13  0:14  SCV  
  13  0:19  Supply Depot  
  14  0:26  SCV  
  15  0:40  SCV  
  15  0:42  Barracks  
  16  0:47  Refinery  
  16  0:52  SCV  
  17  1:04  SCV  
  18  1:16  SCV  
Show
View Real Time Build Order
Export as new Build Order

BigMac Terran - Winner!

Build Orders:  

Get SALT Encoding   

  12  0:01  SCV  
  13  0:13  SCV  
  14  0:22  Supply Depot  
  14  0:25  SCV  
  15  0:42  Refinery  
  15  0:45  Barracks  
  15  0:47  SCV  
  16  0:59  Refinery  
  16  1:00  SCV  
  17  1:12  SCV  
Tags
 
Add a new tag
Caveats
  • Supply blocks, unpowered buildings, or Contaminate may cause inaccurate times.
  • Supply counts are checked every 10 seconds.